[Event "Titled Tuesday Blitz February 28 Late 2023"]
[White "rikchessmx"]
[Black "Kaufman, Raymond"]
[BlackFideId "2015056"]
[WhiteElo "2175"]
[BlackElo "2321"]
[Result "0-1"]
[Round "07"]
[TimeControl "180+2"]
[Date "2023.02.28"]
[WhiteClock "0:00:10"]
[BlackClock "0:00:41"]

1. e4 g6 2. d3 Bg7 3. Nc3 c6 4. f4 d5 5. e5 Nh6 6. Nf3 Bg4 7. h3 Bxf3 8. Qxf3 Nf5 9. g4 Nd4 10. Qf2 c5 11. Bg2 e6 12. O-O Nbc6 13. Na4 b6 14. c3 Nb5 15. c4 Nc7 16. Nc3 h5 17. g5 Ne7 18. Nb5 Nxb5 19. cxb5 Nf5 20. a4 a6 21. bxa6 Rxa6 22. b3 O-O 23. Bb2 Qd7 24. d4 Rc8 25. dxc5 Bf8 26. b4 Rxa4 27. cxb6 Rxa1 28. Bxa1 Bxb4 29. Kh1 Bc5 30. Qb2 Ng3+ 31. Kh2 Nxf1+ 32. Bxf1 Rb8 0-1


[Site "https://www.chess.com"]

[Event "Titled Tuesday Blitz February 28 Late 2023"]
[White "Lalanne, Pablo"]
[Black "Khatena, Moshe"]
[WhiteFideId "112151"]
[BlackFideId "2010461"]
[WhiteElo "2120"]
[BlackElo "2145"]
[Result "1-0"]
[Round "07"]
[TimeControl "180+2"]
[Date "2023.02.28"]
[WhiteClock "0:00:08"]
[BlackClock "0:00:19"]

1. e4 g5 2. d4 Bg7 3. Bxg5 c5 4. Be3 Qb6 5. Nd2 cxd4 6. Nc4 Qb4+ 7. Bd2 Qc5 8. b4 Qc7 9. Nf3 b5 10. Na5 a6 11. Bd3 Nc6 12. Nxc6 Qxc6 13. O-O d6 14. Re1 e5 15. a4 Rb8 16. axb5 axb5 17. Ra5 Nf6 18. Qe2 Bd7 19. Rea1 O-O 20. Ra6 Rb6 21. Ra7 Be6 22. Ng5 Bc4 23. h3 h6 24. Nf3 Re8 25. Nh4 Be6 26. R1a5 Reb8 27. Qf3 d5 28. exd5 Bxd5 29. Qg3 Ne4 30. Bxe4 Bxe4 31. f3 Bxc2 32. Re7 R6b7 33. Rxb7 Qxb7 34. Bxh6 Bg6 35. Nxg6 fxg6 36. Qxg6 Qf7 37. Qd6 Rf8 38. Bxg7 Qxg7 39. Rxb5 d3 40. Qxd3 Qg6 41. Qxg6+ Kh8 42. Rxe5 Rg8 43. Rh5# 1-0


[Site "https://www.chess.com"]

[Event "Titled Tuesday Blitz February 28 Late 2023"]
[White "Leonte, Sebastian-Marian"]
[Black "Levine, David"]
[WhiteFideId "1268767"]
[BlackFideId "2011611"]
[WhiteElo "2253"]
[BlackElo "2122"]
[Result "1-0"]
[Round "07"]
[TimeControl "180+2"]
[Date "2023.02.28"]
[WhiteClock "0:00:54"]
[BlackClock "0:00:23"]

1. e4 e5 2. Nf3 Nc6 3. Bb5 a6 4. Ba4 Nf6 5. O-O Be7 6. Re1 b5 7. Bb3 d6 8. c3 O-O 9. h3 Bb7 10. d4 Re8 11. Nbd2 Bf8 12. Bc2 h6 13. a3 Nb8 14. b3 Nbd7 15. Bb2 c5 16. d5 a5 17. Bd3 Ba6 18. Qe2 Qb6 19. b4 axb4 20. axb4 c4 21. Bc2 Bb7 22. Nf1 g6 23. g4 Qc7 24. Ng3 Rxa1 25. Rxa1 Ra8 26. Rxa8 Bxa8 27. Bc1 Bg7 28. Be3 Qb7 29. Qd2 Kh7 30. g5 hxg5 31. Nxg5+ Kg8 32. Qe2 Qa6 33. Kg2 Bb7 34. h4 Bc8 35. h5 Nxh5 36. Nxh5 gxh5 37. Qxh5 1-0


[Site "https://www.chess.com"]

[Event "Titled Tuesday Blitz February 28 Late 2023"]
[White "Bongo Akanga Ndjila, Barthelemy"]
[Black "Ardila, Oscar Humberto"]
[WhiteFideId "10609431"]
[BlackFideId "4404742"]
[WhiteElo "1768"]
[BlackElo "1946"]
[Result "1-0"]
[Round "07"]
[TimeControl "180+2"]
[Date "2023.02.28"]
[WhiteClock "0:00:27"]
[BlackClock "0:00:08"]

1. d4 Nf6 2. c4 g6 3. Nc3 Bg7 4. e4 d6 5. Be2 O-O 6. Nf3 Nbd7 7. O-O e5 8. Be3 exd4 9. Nxd4 Re8 10. f3 Nc5 11. Nc2 Ne6 12. Rc1 Nh5 13. g3 Nf6 14. Qd2 Bd7 15. Rfd1 h5 16. Bh6 h4 17. Bxg7 Kxg7 18. Nd4 Nh5 19. Kg2 hxg3 20. hxg3 Qf6 21. Nxe6+ Bxe6 22. Nd5 Bxd5 23. cxd5 Re7 24. Qd4 Qxd4 25. Rxd4 f5 26. Bd3 fxe4 27. Bxe4 Rf8 28. Rdc4 Rff7 29. b4 Nf6 30. b5 b6 31. a4 Ne8 32. g4 Kf6 33. Kg3 Rh7 34. R4c2 Rhg7 35. Rc4 g5 36. f4 gxf4+ 37. Kxf4 Ref7 38. Bf5 Re7 39. Be6 Rg5 40. Rf1 Re5 41. Kg3+ Kg7 42. Rcf4 Re3+ 43. Kh4 Kg6 44. Rf5 Rh7+ 45. Rh5 Rxh5+ 46. gxh5+ Kh6 47. Rf8 Re4+ 48. Bg4 Ng7 49. Rf6+ Kh7 50. Kg5 Re5+ 51. Bf5+ Kg8 52. h6 Ne8 53. Re6 Rxe6 54. dxe6 Kh8 55. Kg6 Kg8 56. h7+ Kh8 57. Kf7 Ng7 58. Bg6 d5 59. e7 d4 60. e8=Q+ Nxe8 61. Kxe8 Kg7 62. Bd3 Kh8 63. Kd7 1-0


[Site "https://www.chess.com"]

[Event "Titled Tuesday Blitz February 28 Late 2023"]
[White "Floresvillar Gonzalez, Luis Migu"]
[Black "Eliteplayer3"]
[WhiteFideId "5100542"]
[WhiteElo "2040"]
[BlackElo "2110"]
[Result "1-0"]
[Round "07"]
[TimeControl "180+2"]
[Date "2023.02.28"]
[WhiteClock "0:01:11"]
[BlackClock "0:01:47"]

1. d4 c6 2. c3 d5 3. Bf4 Bf5 4. e3 e6 5. Bd3 Bd6 6. Bxd6 Qxd6 7. Bxf5 exf5 8. Nf3 Ne7 9. O-O Nd7 10. Nbd2 Nf6 11. Ne5 Ne4 12. f3 Nxd2 13. Qxd2 O-O-O 14. b4 f6 15. Nf7 Qe6 16. Nxh8 Rxh8 17. a4 g5 18. b5 g4 19. f4 Ng6 20. bxc6 Qxc6 21. c4 dxc4 22. Rfc1 Re8 23. Rxc4 Qxc4 24. Rc1 Qxc1+ 25. Qxc1+ Kb8 26. Kf2 Rc8 27. Qb1 Ne7 28. Qb5 a6 29. Qd7 Rc7 30. Qd8+ Nc8 31. Qxf6 Rc2+ 32. Kg3 Rc3 33. Qxf5 Rxe3+ 34. Kxg4 Ra3 35. Qe5+ Ka8 36. Qc7 1-0


[Site "https://www.chess.com"]

[Event "Titled Tuesday Blitz February 28 Late 2023"]
[White "Ricaurte Lopez, Juan Carlos"]
[Black "Sabar, Ethmane Daouda"]
[WhiteFideId "3600327"]
[BlackFideId "19600097"]
[WhiteElo "2209"]
[BlackElo "1950"]
[Result "1/2-1/2"]
[Round "07"]
[TimeControl "180+2"]
[Date "2023.02.28"]
[WhiteClock "0:00:18"]
[BlackClock "0:00:18"]

1. e4 e5 2. d4 exd4 3. c3 d5 4. exd5 Qxd5 5. cxd4 Nc6 6. Nf3 Bg4 7. Be2 O-O-O 8. O-O Bxf3 9. Bxf3 Qxd4 10. Qb3 Nf6 11. Bxc6 bxc6 12. Be3 Qb4 13. Qxf7 Bd6 14. Nc3 Nd5 15. Rfc1 Nxe3 16. fxe3 Rhf8 17. Qe6+ Kb8 18. Qe4 Qc5 19. Na4 Qh5 20. g3 Qe2 21. Rc2 Qb5 22. Qxc6 Qe5 23. Re1 Qh5 24. Nc5 Bxc5 25. Rxc5 Qf3 26. Rb5+ Kc8 27. Qa6+ Kd7 28. Qa5 Qf2+ 29. Kh1 Qf3+ 30. Kg1 Qf2+ 31. Kh1 Qf3+ 32. Kg1 1/2-1/2


[Site "https://www.chess.com"]

[Event "Titled Tuesday Blitz February 28 Late 2023"]
[White "Fernandez Hernandez, Gerardo"]
[Black "Manu_ChessExcelsior"]
[WhiteFideId "2207400"]
[WhiteElo "2200"]
[BlackElo "1975"]
[Result "1-0"]
[Round "07"]
[TimeControl "180+2"]
[Date "2023.02.28"]
[WhiteClock "0:00:01"]
[BlackClock "0:00:01"]

1. e4 e5 2. Nf3 Nc6 3. Bc4 Nf6 4. d3 Bc5 5. Nc3 a6 6. a4 Ba7 7. O-O d6 8. Nd5 Nxd5 9. Bxd5 h6 10. c3 Ne7 11. Ba2 Ng6 12. d4 O-O 13. h3 Qe7 14. Be3 exd4 15. Bxd4 Qxe4 16. Re1 Qf4 17. Bxa7 Rxa7 18. Qd3 Bf5 19. Qe2 Raa8 20. a5 Bd7 21. Qe4 Qxe4 22. Rxe4 Bc6 23. Re3 Rae8 24. Rae1 Rxe3 25. Rxe3 Re8 26. Rxe8+ Bxe8 27. Nd4 Bd7 28. Kh2 Ne5 29. Bb1 Nc4 30. b4 g6 31. g3 Kg7 32. Bd3 Ne5 33. Be2 f5 34. f4 Nf7 35. Bc4 Nd8 36. Kg2 Kf6 37. Kf3 g5 38. fxg5+ hxg5 39. h4 gxh4 40. gxh4 Nc6 41. Nxc6 Bxc6+ 42. Kf4 Be8 43. Be2 c5 44. Bf3 Bc6 45. Bxc6 bxc6 46. h5 cxb4 47. cxb4 d5 48. h6 d4 49. Kf3 1-0


[Site "https://www.chess.com"]

[Event "Titled Tuesday Blitz February 28 Late 2023"]
[White "Lopez Perdomo, Juan David"]
[Black "Desideri, Ricardo Maruchi"]
[WhiteFideId "4405137"]
[BlackFideId "2110440"]
[WhiteElo "1965"]
[BlackElo "1945"]
[Result "1/2-1/2"]
[Round "07"]
[TimeControl "180+2"]
[Date "2023.02.28"]
[WhiteClock "0:00:48"]
[BlackClock "0:00:02"]

1. e4 c5 2. d4 cxd4 3. c3 Nf6 4. e5 Nd5 5. Nf3 e6 6. cxd4 Nc6 7. Be2 d6 8. exd6 Bxd6 9. O-O O-O 10. Nc3 a6 11. Bd3 Nf6 12. Bg5 h6 13. Be3 Qc7 14. h3 b5 15. Qd2 Bb7 16. Bxh6 gxh6 17. Qxh6 Qe7 18. Ng5 Bf4 19. Bh7+ Kh8 20. Bd3+ Kg8 21. g3 Bxg5 22. Qxg5+ Kh8 23. Qh6+ Kg8 24. Rae1 Nxd4 25. Qg5+ Kh8 26. Qh4+ Kg7 27. Qxd4 Rh8 28. Re5 Rxh3 29. Rg5+ Kf8 30. Be4 Rd8 31. Qxd8+ Qxd8 32. Bxb7 Ke7 33. Bg2 Rh5 34. Rxh5 Nxh5 35. Re1 Nf6 36. a3 Qd2 37. Re2 Qc1+ 38. Kh2 Nd5 39. Nxd5+ Kd6 40. Nc3 Qh6+ 41. Bh3 Qc1 42. Rd2+ Kc7 43. Re2 Kd6 44. Rd2+ Kc7 45. Re2 Kd6 1/2-1/2


[Site "https://www.chess.com"]

[Event "Titled Tuesday Blitz February 28 Late 2023"]
[White "Vanek, Tomas"]
[Black "Gamage, Wanshini Vidusama"]
[WhiteFideId "313459"]
[BlackFideId "9953752"]
[WhiteElo "2052"]
[BlackElo "2197"]
[Result "0-1"]
[Round "07"]
[TimeControl "180+2"]
[Date "2023.02.28"]
[WhiteClock "0:00:45"]
[BlackClock "0:00:39"]

1. g3 d5 2. Bg2 e5 3. c3 Nf6 4. d4 e4 5. h4 Bd6 6. h5 h6 7. Bf4 Bxf4 8. gxf4 Bg4 9. Qd2 Bxh5 10. Bh3 Bg4 11. f5 Bxh3 12. Nxh3 Nc6 13. Na3 Ne7 14. Qf4 Qd6 15. Qxd6 cxd6 16. Nb5 Kd7 17. Rc1 Nxf5 18. Nf4 a6 19. Na3 b5 20. Nc2 a5 21. b4 a4 22. Kd2 h5 23. Ne3 Nxe3 24. Kxe3 g5 25. Nh3 Ng4+ 26. Kd2 f6 27. f3 Nh6 28. fxe4 dxe4 29. c4 Rab8 30. Rhf1 Rhf8 31. cxb5 Rxb5 32. Rc2 Rxb4 33. Nxg5 Ng4 34. Nxe4 Rxd4+ 35. Ke1 Rxe4 36. Rb2 Rfe8 37. Rh1 R8e5 38. Rh3 Ne3 39. Rg3 Rg4 40. Rxg4 hxg4 41. Kf2 Nd1+ 0-1


[Site "https://www.chess.com"]

[Event "Titled Tuesday Blitz February 28 Late 2023"]
[White "Cueto, Jonny"]
[Black "tandercat"]
[WhiteFideId "3300145"]
[WhiteElo "2212"]
[BlackElo "1887"]
[Result "1-0"]
[Round "07"]
[TimeControl "180+2"]
[Date "2023.02.28"]
[WhiteClock "0:00:45"]
[BlackClock "0:00:08"]

1. d4 d5 2. Nf3 Nf6 3. Bf4 e6 4. e3 c5 5. Nbd2 Nc6 6. c3 Bd6 7. Ne5 Qc7 8. Ndf3 O-O 9. Bd3 b6 10. O-O Bb7 11. Nxc6 Bxc6 12. Bxd6 Qxd6 13. Ne5 Qc7 14. Qf3 Ne4 15. Qh3 f5 16. Nxc6 Qxc6 17. Bxe4 fxe4 18. f3 exf3 19. Rxf3 Rxf3 20. Qxf3 Rf8 21. Qg4 Qd6 22. Rf1 Rxf1+ 23. Kxf1 Qf8+ 24. Ke2 Qf5 25. Qxf5 exf5 26. dxc5 bxc5 27. Kd3 Kf7 28. c4 Ke6 29. a3 a5 30. b3 g5 31. g3 h5 32. h3 h4 33. gxh4 gxh4 34. Ke2 Ke5 35. Kf3 a4 36. bxa4 dxc4 37. a5 c3 38. Ke2 Ke4 39. a6 c2 40. Kd2 c4 41. a7 c3+ 42. Kxc2 Kxe3 43. a8=Q f4 44. Qg2 1-0


[Site "https://www.chess.com"]

[Event "Titled Tuesday Blitz February 28 Late 2023"]
[White "Mendez Machado, Andre"]
[Black "Burke, Paul"]
[WhiteFideId "6603793"]
[BlackFideId "2605767"]
[WhiteElo "1989"]
[BlackElo "1895"]
[Result "1-0"]
[Round "07"]
[TimeControl "180+2"]
[Date "2023.02.28"]
[WhiteClock "0:01:34"]
[BlackClock "0:00:51"]

1. e4 e5 2. Nf3 Nc6 3. Bc4 Be7 4. d4 exd4 5. Nxd4 d6 6. O-O Nf6 7. Nc3 O-O 8. h3 Ne5 9. Bb3 c5 10. Nf3 Nxf3+ 11. Qxf3 Be6 12. Qg3 Bxb3 13. axb3 Kh8 14. Rd1 Qc8 15. Qf3 Qe6 16. Bg5 a6 17. Bxf6 Bxf6 18. Nd5 Bxb2 19. Rab1 Qe5 20. c3 f5 21. Rxb2 fxe4 22. Qg3 Qe8 23. Nc7 1-0


[Site "https://www.chess.com"]

[Event "Titled Tuesday Blitz February 28 Late 2023"]
[White "Govender, Kaedan"]
[Black "Golichenko, Ilija"]
[WhiteFideId "14322072"]
[BlackFideId "14117223"]
[WhiteElo "1953"]
[BlackElo "2350"]
[Result "1-0"]
[Round "07"]
[TimeControl "180+2"]
[Date "2023.02.28"]
[WhiteClock "0:01:13"]
[BlackClock "0:01:48"]

1. d4 Nf6 2. c4 e6 3. Nc3 Bb4 4. a3 Bxc3+ 5. bxc3 c5 6. d5 d6 7. Qc2 e5 8. e4 Qa5 9. Bd3 O-O 10. Bg5 Nbd7 11. Ne2 h6 12. Bh4 a6 13. O-O b5 14. f4 exf4 15. Nxf4 Ng4 16. Qe2 Nge5 17. Nh5 Nxd3 18. Qxd3 Ne5 19. Qg3 g6 20. Bf6 Nxc4 21. Qf4 Kh7 22. Bg7 Bb7 23. Qxh6+ 1-0


[Site "https://www.chess.com"]

[Event "Titled Tuesday Blitz February 28 Late 2023"]
[White "Dias, Joao Batista"]
[Black "Kujawski, Adam"]
[WhiteFideId "2108240"]
[BlackFideId "1100920"]
[WhiteElo "1907"]
[BlackElo "2054"]
[Result "0-1"]
[Round "07"]
[TimeControl "180+2"]
[Date "2023.02.28"]
[WhiteClock "0:01:05"]
[BlackClock "0:00:08"]

1. e4 e5 2. Nf3 Nc6 3. d4 exd4 4. Nxd4 Bb4+ 5. c3 Bc5 6. Nxc6 bxc6 7. Bd3 Qh4 8. O-O Nf6 9. Qf3 Ng4 10. Qg3 Qxg3 11. hxg3 d6 12. a4 a5 13. Na3 Ne5 14. Be2 Be6 15. Kh2 h5 16. f4 Ng4+ 17. Kh1 h4 18. Bxg4 Bxg4 19. Kh2 Be2 20. Bd2 Bxf1 21. Rxf1 hxg3+ 22. Kxg3 Bxa3 23. bxa3 Rb8 24. c4 Rb3+ 25. Kg4 Rxa3 26. Bxa5 Rxa4 27. Bxc7 Kd7 28. Bb6 Rxc4 29. Ra1 Rxe4 30. Kf5 Rb4 31. Ra7+ Kc8 32. Ra8+ Kb7 33. Rxh8 Rxb6 34. Rf8 g6+ 35. Kg5 Rb5+ 36. Kg4 Rf5 37. Kf3 c5 38. g4 Rf6 39. Ke4 Kc6 40. Rc8+ Kd7 41. Ra8 Re6+ 42. Kd5 Re1 43. Ra7+ Ke8 44. Kxd6 Re6+ 45. Kxc5 Re4 46. f5 gxf5 47. gxf5 Re5+ 48. Kd6 f6 49. Ra8+ Kf7 50. Ra7+ Kf8 51. Ra8+ Kg7 52. Ra7+ Kh6 53. Ra8 Kg5 54. Rf8 Kxf5 55. Rg8 Ra5 56. Rg1 Ra4 57. Kd5 Rf4 58. Rg8 Ra4 59. Rg1 Rf4 60. Rg2 Rf3 61. Kd4 Kf4 62. Rg1 f5 63. Rg8 Ra3 64. Rg1 Kf3 65. Rf1+ Kg4 66. Ke5 Ra5+ 67. Kd4 f4 68. Ke4 Ra4+ 69. Kd3 Ra2 70. Ke4 Re2+ 71. Kd3 Re8 72. Rg1+ Kf3 73. Rf1+ Kg3 74. Kd2 f3 75. Kd1 Kg2 76. Re1 Rxe1+ 77. Kxe1 f2+ 0-1


[Site "https://www.chess.com"]

[Event "Titled Tuesday Blitz February 28 Late 2023"]
[White "Souza, Gustavo Horokoski De"]
[Black "Vargas, Mauricio"]
[WhiteFideId "2146584"]
[BlackFideId "4404572"]
[WhiteElo "1859"]
[BlackElo "2025"]
[Result "1-0"]
[Round "07"]
[TimeControl "180+2"]
[Date "2023.02.28"]
[WhiteClock "0:02:17"]
[BlackClock "0:00:17"]

1. d4 d5 2. c4 c6 3. Nc3 e6 4. e4 dxc4 5. Bxc4 Nf6 6. Bg5 Be7 7. Nf3 h6 8. Bh4 g5 9. Bg3 b5 10. Bd3 Bb7 11. a3 O-O 12. Qd2 Nbd7 13. Nxg5 hxg5 14. Qxg5+ Kh8 15. e5 Nh7 16. Qh6 Bg5 17. Qxh7# 1-0


[Site "https://www.chess.com"]

[Event "Titled Tuesday Blitz February 28 Late 2023"]
[White "Firouzja, Alireza"]
[Black "Andreikin, Dmitry"]
[WhiteFideId "12573981"]
[BlackFideId "4158814"]
[WhiteElo "2904"]
[BlackElo "2736"]
[Result "1-0"]
[Round "08"]
[TimeControl "180+2"]
[Date "2023.02.28"]
[WhiteClock "0:00:17"]
[BlackClock "0:00:26"]

1. d4 d5 2. c4 e6 3. Nc3 a6 4. cxd5 exd5 5. Qc2 Nf6 6. Bg5 Be6 7. e3 Nbd7 8. Bd3 Be7 9. Nge2 h6 10. Bh4 O-O 11. O-O Rc8 12. Rad1 c5 13. dxc5 Nxc5 14. Nf4 Nxd3 15. Qxd3 Qb6 16. Bxf6 Bxf6 17. Ncxd5 Bxd5 18. Nxd5 Qxb2 19. Rb1 Qxa2 20. Nxf6+ gxf6 21. Rxb7 Qc4 22. Qxc4 Rxc4 23. Rb6 Kg7 24. Rxa6 Rfc8 25. Raa1 Rc2 26. g3 Rd2 27. Kg2 Rcc2 28. Ra4 Ra2 29. Rf4 h5 30. g4 hxg4 31. Rxg4+ Kf8 32. Rf4 Ke7 33. h4 Rd8 34. Rb1 Ra6 35. Kf3 Kf8 36. Rg4 Ra5 37. Rf4 Rh5 38. Rb6 Kg7 39. Rbxf6 Rd7 40. R6f5 Rxf5 41. Rxf5 f6 42. h5 Ra7 43. Kf4 Ra4+ 44. e4 Ra2 45. f3 Rh2 46. Ra5 Rh4+ 47. Kg3 Rh1 48. Kg4 Rg1+ 49. Kf4 Rh1 50. Ra7+ Kg8 51. Kf5 Rh4 52. Kxf6 Rf4+ 53. Kg6 1-0


[Site "https://www.chess.com"]

[Event "Titled Tuesday Blitz February 28 Late 2023"]
[White "Kamsky, Gata"]
[Black "Matlakov, Maxim"]
[WhiteFideId "2000024"]
[BlackFideId "4168003"]
[WhiteElo "2666"]
[BlackElo "2666"]
[Result "1-0"]
[Round "08"]
[TimeControl "180+2"]
[Date "2023.02.28"]
[WhiteClock "0:00:11"]
[BlackClock "0:00:01"]

1. d4 d5 2. Bf4 Nf6 3. e3 c5 4. c3 Nc6 5. Nd2 cxd4 6. exd4 Bf5 7. Ngf3 e6 8. Bb5 Bd6 9. Bxd6 Qxd6 10. O-O O-O 11. Re1 a6 12. Bxc6 Qxc6 13. Ne5 Qc7 14. a4 a5 15. g4 Bg6 16. h4 Nd7 17. h5 Nxe5 18. dxe5 Bd3 19. Re3 Ba6 20. h6 gxh6 21. Nf3 f6 22. Qd4 f5 23. Kh2 Kh8 24. Rg1 fxg4 25. Qxg4 Rf5 26. Rg2 Raf8 27. Kg1 Qf7 28. Qg3 Be2 29. Nd4 Rg5 30. Qh4 Bd1 31. Reg3 Rxg3 32. Qxg3 Re8 33. Qh4 Rg8 34. Qxh6 Rxg2+ 35. Kxg2 Bg4 36. Kg3 Bf5 37. Qg5 Be4 38. f3 Bg6 39. Kh4 Kg7 40. f4 b6 41. f5 exf5 42. e6 Qc7 43. Nxf5+ Kg8 44. Ne7+ Kf8 45. Nxg6+ hxg6 46. Qf6+ Ke8 47. Kg5 Qg3+ 48. Kh6 Qh2+ 49. Kg7 Qc7+ 50. Qf7+ Qxf7+ 51. exf7+ 1-0


[Site "https://www.chess.com"]

[Event "Titled Tuesday Blitz February 28 Late 2023"]
[White "Pranav, V"]
[Black "Swiercz, Dariusz"]
[WhiteFideId "25060783"]
[BlackFideId "1126881"]
[WhiteElo "2500"]
[BlackElo "2627"]
[Result "1-0"]
[Round "08"]
[TimeControl "180+2"]
[Date "2023.02.28"]
[WhiteClock "0:00:26"]
[BlackClock "0:00:01"]

1. e4 c5 2. Nf3 Nc6 3. Bb5 g6 4. Bxc6 dxc6 5. O-O Bg7 6. d3 b6 7. Re1 e5 8. a3 a5 9. b3 Ne7 10. Bb2 Qc7 11. Nbd2 Ba6 12. Bc3 O-O 13. Qb1 f6 14. b4 a4 15. bxc5 bxc5 16. Qa2+ Kh8 17. Rab1 Rab8 18. Nc4 Rxb1 19. Rxb1 Rb8 20. Rf1 Nc8 21. h3 Qf7 22. Nfd2 Nd6 23. Rb1 Rd8 24. Ba5 Rf8 25. Rb2 Nxc4 26. Nxc4 f5 27. Nd2 c4 28. Rb6 Bb5 29. dxc4 fxe4 30. Nxe4 Bxc4 31. Qb1 Bd5 32. Qe1 Bxe4 33. Qxe4 Qxf2+ 34. Kh2 Qf4+ 35. Qxf4 exf4 36. Rxc6 Kg8 37. Bb4 Re8 38. Kg1 1-0


[Site "https://www.chess.com"]

[Event "Titled Tuesday Blitz February 28 Late 2023"]
[White "Bortnyk, Olexandr"]
[Black "Rasulov, Vugar"]
[WhiteFideId "14120828"]
[BlackFideId "13402390"]
[WhiteElo "2734"]
[BlackElo "2509"]
[Result "1/2-1/2"]
[Round "08"]
[TimeControl "180+2"]
[Date "2023.02.28"]
[WhiteClock "0:00:02"]
[BlackClock "0:00:11"]

1. d4 d5 2. Nc3 e6 3. e4 Nf6 4. Bg5 Be7 5. e5 Nfd7 6. h4 c5 7. Nb5 f6 8. exf6 Nxf6 9. dxc5 O-O 10. Nf3 Bxc5 11. Be2 Nc6 12. O-O a6 13. Nbd4 Nxd4 14. Nxd4 Qb6 15. Nb3 Bd6 16. c4 Ne4 17. Be3 Qd8 18. g3 Be5 19. Qc2 Bd7 20. Rad1 Rc8 21. Bd3 Kh8 22. Bxe4 Rxc4 23. Qxc4 dxc4 24. Nc5 Rf7 25. Rd2 b6 26. Nxe6 Qf6 27. Ng5 Re7 28. Nxh7 Qe6 29. Nf8 Qg4 30. Ng6+ Kh7 31. Nxe5+ Qxe4 32. Nxd7 b5 33. a3 a5 34. Rfd1 b4 35. axb4 axb4 36. Bg5 c3 37. bxc3 bxc3 38. Nf8+ Kg8 39. Rd8 c2 40. Ng6+ Re8 41. Ne7+ Kf7 42. R1d7 Rxd8 43. Rxd8 Qe1+ 44. Kg2 c1=Q 45. Bxc1 Qxc1 46. Nf5 Qc6+ 47. Kg1 Qc1+ 48. Kg2 Qc6+ 49. Kg1 Qc1+ 50. Kg2 1/2-1/2


[Site "https://www.chess.com"]

[Event "Titled Tuesday Blitz February 28 Late 2023"]
[White "Bortnyk, Mykola"]
[Black "Indjic, Aleksandar"]
[WhiteFideId "14120836"]
[BlackFideId "911925"]
[WhiteElo "2582"]
[BlackElo "2625"]
[Result "0-1"]
[Round "08"]
[TimeControl "180+2"]
[Date "2023.02.28"]
[WhiteClock "0:00:46"]
[BlackClock "0:00:51"]

1. e4 e5 2. Nf3 Nf6 3. Nxe5 d6 4. Nf3 Nxe4 5. Bd3 Nf6 6. O-O Be7 7. c3 O-O 8. Bc2 b6 9. d4 Bb7 10. Re1 Nbd7 11. Nbd2 Re8 12. Nf1 Bf8 13. Ne3 g6 14. a4 a6 15. h3 Bg7 16. Bb3 h6 17. a5 b5 18. d5 Nc5 19. Ba2 Qd7 20. Nd4 Re7 21. c4 Rae8 22. cxb5 axb5 23. Rf1 Nfe4 24. Rb1 Kh7 25. Ndc2 Ra8 26. Bd2 Nd3 27. b4 Rae8 28. Rb3 Nf4 29. Bc1 f5 30. Ra3 Nc3 31. Qf3 Nfe2+ 32. Kh1 f4 33. Ng4 Nxc1 34. Rxc1 Nxa2 35. Rxa2 Qf5 36. Rd1 Re2 37. Nd4 Re1+ 38. Rxe1 Rxe1+ 39. Kh2 Bxd4 40. Re2 Bxd5 41. Qxd5 Qxd5 42. Rxe1 h5 43. Re7+ Kg8 44. Nh6+ Kf8 45. Rxc7 Bxf2 46. Rf7+ Qxf7 47. Nxf7 Kxf7 0-1


[Site "https://www.chess.com"]

[Event "Titled Tuesday Blitz February 28 Late 2023"]
[White "Yu, Yangyi"]
[Black "Keymer, Vincent"]
[WhiteFideId "8603820"]
[BlackFideId "12940690"]
[WhiteElo "2783"]
[BlackElo "2651"]
[Result "1-0"]
[Round "08"]
[TimeControl "180+2"]
[Date "2023.02.28"]
[WhiteClock "0:01:31"]
[BlackClock "0:01:23"]

1. Nf3 d5 2. g3 Bg4 3. Bg2 c6 4. O-O Nd7 5. h3 Bh5 6. d4 Ngf6 7. c4 e6 8. cxd5 exd5 9. Ne5 Ne4 10. Nd2 f5 11. Bf3 Bg6 12. Nxg6 hxg6 13. Bg2 Bd6 14. Nxe4 fxe4 15. h4 Qb6 16. Bg5 Nf8 17. e3 Qc7 18. Bh3 Nh7 19. Qg4 Qf7 20. f3 Nxg5 21. hxg5 Qe7 22. fxe4 Qxe4 23. Qd7# 1-0


[Site "https://www.chess.com"]

[Event "Titled Tuesday Blitz February 28 Late 2023"]
[White "Durarbayli, Vasif"]
[Black "Caruana, Fabiano"]
[WhiteFideId "13402935"]
[BlackFideId "2020009"]
[WhiteElo "2543"]
[BlackElo "2818"]
[Result "1-0"]
[Round "08"]
[TimeControl "180+2"]
[Date "2023.02.28"]
[WhiteClock "0:00:08"]
[BlackClock "0:00:09"]

1. e4 e5 2. Nf3 Nc6 3. Bb5 a6 4. Ba4 Nf6 5. d3 b5 6. Bb3 Bc5 7. a4 Rb8 8. axb5 axb5 9. Nc3 d6 10. Bg5 h6 11. Bh4 g5 12. Bg3 Bg4 13. h4 Rg8 14. hxg5 hxg5 15. Ne2 Bxf3 16. gxf3 Bb6 17. c3 Ke7 18. Qd2 Rh8 19. O-O-O Rxh1 20. Rxh1 Qg8 21. d4 b4 22. dxe5 dxe5 23. Ba4 Rd8 24. Qc2 Rd6 25. Bxc6 Rxc6 26. Qa4 Qe8 27. Qxb4+ Bc5 28. Qb5 Bd6 29. Kb1 Kd7 30. Rd1 Kc8 31. Nc1 Rb6 32. Qa5 Kb7 33. Nd3 Nd7 34. b4 Qe6 35. Kc2 Ra6 36. Qd5+ Qxd5 37. exd5 f6 38. c4 Be7 39. c5 Nb8 40. Rh1 Ra2+ 41. Kb3 Rd2 42. Kc3 Ra2 43. Rh7 Ra3+ 44. Kc4 Bd8 45. Rh8 Kc8 46. c6 Na6 47. Nc5 Nxc5 48. bxc5 Ra4+ 49. Kc3 Rd4 50. d6 cxd6 51. cxd6 Rxd6 52. Kc4 Rxc6+ 53. Kd5 Ra6 54. Rh7 Rb6 55. Rf7 Ra6 56. Rh7 Bc7 57. Rf7 Kd8 58. Ke4 Rb6 59. Kf5 Ke8 60. Rxf6 Rb5 61. Kxg5 e4+ 62. Kg4 Bxg3 63. fxg3 exf3 64. Rxf3 Ke7 65. Rf5 Rb3 66. Kh4 Ke6 67. g4 Rb8 68. Rf1 Rh8+ 69. Kg5 Rg8+ 70. Kh5 Rh8+ 71. Kg5 Rg8+ 72. Kh4 Rh8+ 73. Kg3 Rg8 74. Rf2 Rg7 75. Kh4 Rh7+ 76. Kg5 Rg7+ 77. Kh5 Rg8 78. g5 Rh8+ 79. Kg4 Rg8 80. Kh5 Rh8+ 81. Kg6 Rg8+ 82. Kh6 1-0


[Site "https://www.chess.com"]

[Event "Titled Tuesday Blitz February 28 Late 2023"]
[White "Duda, Jan-Krzysztof"]
[Black "Chigaev, Maksim"]
[WhiteFideId "1170546"]
[BlackFideId "4108116"]
[WhiteElo "2790"]
[BlackElo "2547"]
[Result "1-0"]
[Round "08"]
[TimeControl "180+2"]
[Date "2023.02.28"]
[WhiteClock "0:00:02"]
[BlackClock "0:00:04"]

1. e4 c5 2. Nf3 e6 3. d4 cxd4 4. Nxd4 Nf6 5. Nc3 Nc6 6. Nxc6 bxc6 7. e5 Nd5 8. Ne4 Bb7 9. c4 Nb4 10. c5 Qb8 11. f4 Ba6 12. Be2 Bxe2 13. Qxe2 Qb5 14. Be3 Nd3+ 15. Kf1 Rb8 16. a4 Qxb2 17. Rd1 Qxe2+ 18. Kxe2 Nb4 19. Rb1 Be7 20. Bd2 a5 21. Rhd1 f5 22. exf6 gxf6 23. Bc3 Rf8 24. Rd4 f5 25. Nd6+ Bxd6 26. Rxd6 Ke7 27. Be5 Na6 28. Rbd1 Rb7 29. R6d3 Rg8 30. Rh3 Ke8 31. Bd4 Nb4 32. g3 Nd5 33. Rxh7 Rb4 34. Be5 Rxa4 35. Rb1 Rb4 36. Rxb4 axb4 37. Kd3 Kd8 38. Kc4 Kc8 39. Kb3 Rd8 40. h4 Rg8 41. Rg7 Re8 42. h5 Kb7 43. Rxd7+ Ka6 44. Kc4 Rg8 45. Rg7 Rd8 46. h6 Ne3+ 47. Kxb4 Rd3 48. h7 Nd5+ 49. Kc4 Rxg3 50. Rxg3 1-0


[Site "https://www.chess.com"]